 Dungeon Crawl Stone Soup version 0.32-a0-918-g0f22ef8d61 (webtiles) character file.

Game seed: 6885853578923550522

1350 ezpacito the Trooper (level 8, -1/93 HPs)
             Began as a Coglin Chaos Knight on Apr 11, 2024.
             Was a Plaything of Xom.
             Slain by a kobold brigand
             ... wielding a +0 short sword
              (2 damage)
             ... on level 6 of the Dungeon.
             The game lasted 00:05:52 (4825 turns).

ezpacito the Trooper (Coglin Chaos Knight)          Turns: 4825, Time: 00:05:52

Health: -1/93      AC: 24    Str: 25    XL:     8   Next: 63%
Magic:  11/11      EV:  2    Int: 11    God:    Xom [.*....]
Gold:   259        SH:  0    Dex: 18    Spells: 2/11 levels left

rFire   . . .        B - +3 flail of Emamacve {chaos, Str+5 Int-3 Dex+4}
rCold   . . .        l - +10 rapier of the Vanishing Wonders {vamp, ^Contam Str+5 Int+3}
rNeg    . . .        z - melded +4 ring mail
rPois   +            p - melded +1 helmet {SInv}
rElec   .            u - melded +0 cloak
rCorr   .            (gloves currently unavailable)
SInv    .            w - melded +0 pair of boots
Will    .....        (amulet unavailable)
Stlth   ++           (ring unavailable)
HPRegen 1.15/turn    (ring unavailable)
MPRegen 0.12/turn    (no gizmo)

%: no passive effects
@: mighty, lethally poisoned (-1 -> -5), tree-form, attractive, slowed, studying
Unarmed Combat, revved, very slow
A: stationary, stasis, torment immunity, boosted hp, off-hand wielding, slow
wielding, warmup strikes, no jewellery, (iridescent scales 2), regeneration 1
a: Invent Gizmo, Renounce Religion


You were on level 6 of the Dungeon.
You worshipped Xom.
You were a plaything of Xom.
You were a tree.
You visited 2 branches of the dungeon, and saw 7 of its levels.

You collected 308 gold pieces.
You spent 49 gold pieces at shops.

Inventory:

Hand Weapons
 a - a +1 hand axe of chaos {Udom}
 l - the +10 rapier of the Vanishing Wonders (offhand) {vamp, ^Contam Str+5 Int+3}
   (Xom gifted it to you on level 2 of the Dungeon)

   Str+5:     It affects your strength (+5).
   Int+3:     It affects your intelligence (+3).
   ^Contam:   It causes magical contamination when unequipped.
 r - a +0 trident
 y - a +0 hand axe of flaming
 B - the +3 flail of Emamacve (weapon) {chaos, Str+5 Int-3 Dex+4}
   (Xom gifted it to you on level 6 of the Dungeon)

   Str+5:     It affects your strength (+5).
   Int-3:     It affects your intelligence (-3).
   Dex+4:     It affects your dexterity (+4).
Missiles
 k - 5 boomerangs (quivered)
 s - 7 poisoned darts
Armour
 p - a +1 helmet of see invisible (melded)
 u - a +0 cloak (melded)
 w - a +0 pair of boots (melded)
 x - a +0 hat of stealth
 z - a +4 ring mail (melded)
Talismans
 j - a blade talisman
 A - a serpent talisman
Scrolls
 b - a scroll of acquirement
 f - a scroll of immolation
 n - 3 scrolls of fog
 o - 3 scrolls of enchant weapon
 t - 2 scrolls of teleportation
Potions
 m - a potion of enlightenment


   Skills:
 * Level 5.1 Fighting
 * Level 5.1(5.7) Axes
 + Level 0.1(2.8) Maces & Flails
 * Level 3.4(4.6) Polearms
 * Level 4.1 Armour
 * Level 3.6 Dodging
 + Level 2.3 Stealth
 + Level 2.0 Spellcasting
 + Level 0.4 Summonings
 + Level 0.5 Alchemy
 + Level 0.2 Shapeshifting


You had 2 spell levels left.
You knew the following spells:

 Your Spells              Type           Power      Damage    Failure   Level
a - Sculpt Simulacrum     Ice/Alch       0%         N/A       100%        6
c - Summon Ice Beast      Ice/Summ       1%         N/A       63%         3

Your spell library contained the following spells:

 Spells                   Type           Power      Damage    Failure   Level
 Hailstorm                Conj/Ice       1%         3d5       65%         3
 Sigil of Binding         Hex            1%         N/A       65%         3
 Iskenderun's Battlesphe  Conj           1%         2d6       100%        5
 Bombard                  Conj/Erth      0%         9d1       100%        6
 Death Channel            Necr           0%         N/A       100%        6
 Permafrost Eruption      Ice/Erth       0%         2x4d1     100%        6
 Spellforged Servitor     Conj/Summ      0%         N/A       100%        7


Dungeon Overview and Level Annotations

Branches:
Dungeon (6/15)             Temple (1/1) D:6

Altars:
Cheibriados
Dithmenos
Elyvilon
Fedhas
Gozag
Hepliaklqana
Kikubaaqudgha
Makhleb
Nemelex Xobeh
Okawaru
Qazlal
Ru
Sif Muna
Trog
Vehumet
Wu Jian
Xom
Yredelemnul
The Shining One
Beogh

Shops:
D:3 *   D:4 (

Annotations:
D:6 ShinQuickMan's ghost, novice HuCj


Innate Abilities, Weirdness & Mutations

You are a tree.
Your roots penetrate the ground, keeping you stationary.
You cannot be teleported.
You are immune to unholy pain and torment.
Your maximum health is greatly increased.
Your equipment is partially melded.
You can wield a second weapon in your off-hand.
It takes a long time for you to wield or remove held weapons.
Your first few attacks do less damage.
You cannot equip rings or amulets.
((You are mostly covered in iridescent scales. (AC +4)))
Your natural rate of healing is unusually fast.


Message History

Your butterfly disappears in a burst of colours!
The kobold brigand is attracted toward you.
ShinQuickMan's ghost is attracted toward you.
The kobold brigand is attracted toward you.
You take 6 damage, and have 21/93 hp.
You closely miss the kobold brigand with the +10 rapier of the Vanishing Wonders.
You thump the kobold brigand with the +3 flail of Emamacve!
You feel better.
You feel sick. The kobold brigand barely misses you.
The kobold brigand barely misses your butterfly.
The kobold brigand hits your butterfly with a +0 club.
Your butterfly dies!
Your butterfly disappears in a burst of colours!
The kobold brigand hits you with a +0 short sword.
* * * LOW HITPOINT WARNING * * *
The kobold brigand hits you but does no damage.
The kobold brigand hits you with a +2 whip of venom!
* * * LOW HITPOINT WARNING * * *
You are more poisoned.
The kobold brigand hits you but does no damage. x4
You take 8 damage, and have 13/93 hp.
You completely miss the kobold brigand with the +10 rapier of the Vanishing Wonders.
The kobold brigand is moderately wounded.
You barely miss the kobold brigand with the +3 flail of Emamacve.
You feel very sick.
The kobold brigand hits you but does no damage.
You are more poisoned.
The kobold brigand hits you but does no damage. x4
The kobold brigand barely misses you.
The kobold brigand hits you with a +0 short sword.
* * * LOW HITPOINT WARNING * * *
The kobold brigand hits you but does no damage.
The kobold brigand hits you with a +0 short sword.
* * * LOW HITPOINT WARNING * * *
You take 7 damage, and have 6/93 hp.
You feel very mighty all of a sudden.
* * * LOW HITPOINT WARNING * * *
You feel very sick.
The kobold brigand hits you with a +0 short sword.
You die...
Xom laughs nastily!

..........####.#
..####......##.#
............##.#
.####....#####.####
.##......# #.#..#####
..#..##### #.#.##.ß.##
....#######
#.#.#.b...#
....##....#
#.#KKK###.$#
##........#
#.b♣KWb...?#
#..##.....##
###KKK###.$#
..####.....# #b#Kb...#
...........# #.##.ß.##
.#####.....# #..#####
.## #.....#####.###
..## #.............##
...###....#.####....##
.........##.#####....#


You could see 8 kobold brigands and ShinQuickMan's ghost (slow).

Vanquished Creatures
  The ghost of grrhawk the Poker, an amateur CoGl of Okawaru (D:4)
  A black bear (D:5)
  4 phantoms
  A kobold brigand (D:6)
  3 scorpions
  2 killer bees (D:5)
  A howler monkey (D:3)
  A bombardier beetle (D:6)
  2 orc priests (D:4)
  3 hounds
  An iguana (D:5)
  Robin (D:2)
  4 gnolls (D:5)
  6 adders
  3 dart slugs
  18 orcs
  3 ball pythons
  2 endoplasms (D:3)
  2 giant cockroaches (D:2)
  8 goblins
  5 hobgoblins (D:2)
  4 jackals (D:5)
  9 kobolds
  4 quokkas
  2 bats (D:2)
  15 frilled lizards
  4 rats
110 creatures vanquished.

Vanquished Creatures (collateral kills)
  A killer bee (D:5)
1 creature vanquished.

Grand Total: 111 creatures vanquished

Notes
Turn   | Place    | Note
-------+----------+-------------------------------------------
     0 | D:1      | ezpacito the Coglin Chaos Knight began the quest for the
                  | Orb.
     0 | D:1      | Reached XP level 1. HP: 18/18 MP: 1/1
    32 | D:1      | XOM: divination: magic mapping
    53 | D:1      | XOM: butterfly on damage
    67 | D:1      | Reached skill level 1 in Dodging
   144 | D:1      | Reached XP level 2. HP: 19/24 MP: 2/2
   187 | D:1      | XOM: smoke on damage
   539 | D:1      | XOM: give mutation
   539 | D:1      | Gained mutation: Your natural rate of healing is unusually
                  | fast. [Xom's mischief]
   728 | D:2      | Noticed Robin
   742 | D:2      | Killed Robin
   743 | D:2      | Reached XP level 3. HP: 29/29 MP: 3/3
   860 | D:2      | XOM: give mutations
   860 | D:2      | Gained mutation: Your body sometimes deteriorates upon
                  | taking damage. [Xom's mischief]
   860 | D:2      | Gained mutation: Your spells are a little harder to cast,
                  | but a little more powerful. [Xom's mischief]
   919 | D:2      | XOM: god gift: steaming rapier {god gift}
   919 | D:2      | Identified the +10 rapier of the Vanishing Wonders {vamp,
                  | ^Contam Str+5 Int+3} (Xom gifted it to you on level 2 of
                  | the Dungeon)
   968 | D:2      | XOM: 2-stop teleportation journey
   981 | D:2      | XOM: noise
  1029 | D:2      | Reached skill level 1 in Polearms
  1331 | D:2      | Reached XP level 4. HP: 35/35 MP: 4/4
  1348 | D:2      | XOM: noise
  1397 | D:2      | XOM: noise
  1591 | D:3      | Found Dubylo's General Store.
  1598 | D:3      | Bought a +0 trident for 49 gold pieces
  1627 | D:3      | XOM: 5-stop teleportation journey
  1707 | D:3      | XOM: polymorph bombardier beetle -> howler monkey
  1772 | D:3      | Reached XP level 5. HP: 41/41 MP: 5/5
  2361 | D:3      | XOM: silly message
  2809 | D:4      | Found a snail-covered altar of Cheibriados.
  2817 | D:4      | XOM: silly message
  2869 | D:4      | Noticed a phantom
  2875 | D:4      | Killed a phantom
  2876 | D:4      | Reached skill level 1 in Stealth
  2876 | D:4      | Reached skill level 1 in Spellcasting
  2910 | D:4      | XOM: god gift: emerald ring {god gift}
  2985 | D:4      | XOM: 2-stop teleportation journey
  3140 | D:4      | Found Uraguss's Weapon Emporium.
  3152 | D:4      | XOM: god gift: +0 hat of stealth
  3162 | D:4      | Reached XP level 6. HP: 48/48 MP: 7/7
  3162 | D:4      | Found a shimmering blue altar of Sif Muna.
  3287 | D:4      | Found a runed translucent gate.
  3288 | D:4      | Found a runed translucent gate.
  3288 | D:4      | Noticed grrhawk's ghost (amateur CoGl)
  3289 | D:4      | Found a runed translucent gate.
  3300 | D:4      | Found a roughly hewn altar of Beogh.
  3317 | D:4      | Killed grrhawk's ghost
  3438 | D:5      | Entered Level 5 of the Dungeon
  3470 | D:5      | Found a glowing golden altar of the Shining One.
  3484 | D:5      | XOM: divination: detect items
  3487 | D:5      | Reached XP level 7. HP: 54/54 MP: 8/8
  3510 | D:5      | XOM: god gift: hand axe {god gift}
  3608 | D:5      | XOM: potion effect (invisibility)
  3700 | D:5      | Reached XP level 8. HP: 61/61 MP: 10/10
  3708 | D:5      | Found an opulent altar of Gozag.
  4193 | D:5      | Found a sacrificial altar of Ru.
  4306 | D:5      | Learned a level 6 spell: Sculpt Simulacrum
  4310 | D:5      | Learned a level 3 spell: Summon Ice Beast
  4348 | D:6      | Reached skill level 5 in Fighting
  4348 | D:6      | Reached skill level 5 in Axes
  4367 | D:6      | Found the Hermit's Pendant {Faith Invo=14 Evo=0 MP+5}
  4440 | D:6      | Found a staircase to the Ecumenical Temple.
  4470 | D:6      | Found a runed translucent gate.
  4470 | D:6      | Found a runed translucent gate.
  4470 | D:6      | Found a runed translucent gate.
  4479 | D:6      | Noticed ShinQuickMan's ghost (novice HuCj)
  4521 | D:6      | XOM: god gift: translucent flail {god gift}
  4521 | D:6      | Identified the +3 flail of Emamacve {chaos, Str+5 Int-3
                  | Dex+4} (Xom gifted it to you on level 6 of the Dungeon)
  4586 | D:6      | XOM: cloud trail
  4691 | D:6      | Found a sparkling altar of Nemelex Xobeh.
  4775 | Temple   | Entered the Ecumenical Temple
  4803 | D:6      | Identified 2 scrolls of acquirement
  4803 | D:6      | Acquired a manual of Unarmed Combat
  4815 | D:6      | HP: 3/62 [kobold brigand/+0 short sword (4)]
  4816 | D:6      | Lost mutation: Your spells are a little harder to cast, but
                  | a little more powerful. [potion of mutation]
  4816 | D:6      | Lost mutation: Your body sometimes deteriorates upon taking
                  | damage. [potion of mutation]
  4816 | D:6      | Gained mutation: You are partially covered in iridescent
                  | scales. (AC +2) [potion of mutation]
  4816 | D:6      | Gained mutation: You are mostly covered in iridescent
                  | scales. (AC +4) [potion of mutation]
  4817 | D:6      | HP: 1/62 [poisoned by a kobold brigand]
  4825 | D:6      | HP: 1/93 [poisoned by a kobold brigand]
  4825 | D:6      | Slain by a kobold brigand

Illustrated notes

Levels and vault maps discovered:
D:1:      wheals_arrival_linesprint, layout_rooms, minmay_lizard_king
D:2:      layout_loops_corners, minmay_pentomino_pile, uniq_robin
D:3:      layout_basic, serial_shops, shop, kennysheep_potato
D:4:      layout_loops_ring, kennysheep_slug_shrine,
          hellmonk_sif_muna_bookshelves, biasface_ghost_orc_armoury,
          serial_shops, shop
D:5:      nicolae_BIG_FREAKIN_CUBE, layout_basic, kennysheep_mini,
          tso_metal_star, nicolae_gozag_seed_capital, serial_library,
          serial_library_regret_index_multi, serial_library_hellmonk_big_corner,
          serial_library_hellmonk_hallway_b,
          serial_library_hellmonk_long_bookcase,
          serial_library_hellmonk_open_square,
          serial_library_hellmonk_recessed_alcove
D:6:      layout_rooms, nemelex_diamond_rough_becter,
          minmay_temple_entry_drinking_statues, gammafunk_ghost_nasty_kobolds
Temple:   nicolae_temple_god_jail

Skill      XL: |  1  2  3  4  5  6  7  8 |
---------------+-------------------------+-----
Dodging        | 1 2 3 |  3.6
Armour         | 2 3 4 |  4.1
Polearms       | 1 2 3 |  3.4
Stealth        | 1 2 |  2.3
Spellcasting   | 1 2 |  2.0
Fighting       | 4 5 |  5.1
Axes           | 4 5 |  5.1
Maces & Flails | |  0.1
Summonings     | |  0.4
Alchemy        | |  0.5
Shapeshifting  | |  0.2

Action                     |  1- 3 |  4- 6 |  7- 9 || total
---------------------------+-------+-------+-------++-------
  Melee: Dagger            |    23 |       |       ||    23
         Hand axe          |    58 |    46 |    47 ||   151
         Spear             |    25 |       |       ||    25
         Rapier            |    22 |    42 |    65 ||   129
         Flail             |       |       |    10 ||    10
    Use: Scroll            |       |     5 |     4 ||     9
         Potion            |       |     1 |     9 ||    10
   Stab: Sleeping          |     1 |       |     2 ||     3
         Invisible         |       |       |     2 ||     2
         Distracted        |       |       |     1 ||     1
         Paralysed         |       |       |     1 ||     1
 Armour: Leather armour    |    46 |    33 |       ||    79
         Ring mail         |       |     1 |    89 ||    90
         Skin              |       |       |    24 ||    24
  Dodge: Dodged            |    22 |    27 |    57 ||   106

Table legend: (Time is in decaauts)
 A = Elapsed time spent in this place.
 B = Non-inter-level travel time spent in this place.
 C = Inter-level travel time spent in this place.
 D = Time resting spent in this place.
 E = Time spent auto-exploring this place.
 F = Levels seen in this place.
 G = Mean time per level.
                   A        B        C        D        E       F      G
               +--------+--------+--------+--------+--------+-----+--------+
         Total |   4855 |   4503 |    352 |      0 |   3822 |   7 |  693.6 |
       Dungeon |   4854 |   4503 |    351 |      0 |   3822 |   6 |  809.0 |
        Temple |      1 |      1 |      0 |      0 |      0 |   1 |    1.0 |
               +--------+--------+--------+--------+--------+-----+--------+

Top non-repeatable levels by time:
     D:3: 1172 daAuts
     D:5: 911 daAuts
     D:2: 895 daAuts
     D:1: 696 daAuts
     D:4: 692 daAuts
     D:6: 486 daAuts
  Temple: 1 daAuts
